 Dungeon Crawl Stone Soup version 0.28.0-45-g0d030f2227 (webtiles) character file.

Game seed: 2683164594362812822

86 bnorton916 the Chiller (level 4, -3/30 HPs)
             Began as a Barachi Ice Elementalist on Apr 4, 2022.
             Slain by an iguana (14 damage)
             ... on level 6 of the Dungeon.
             The game lasted 00:03:59 (2854 turns).

bnorton916 the Chiller (Barachi Ice Elementalist)   Turns: 2854, Time: 00:04:00

Health: -3/30      AC:  2    Str:  9    XL:     4   Next: 50%
Magic:  6/9        EV: 12    Int: 17    God:
Gold:   109        SH:  0    Dex: 13    Spells: 3/10 levels left

rFire   . . .      SeeInvis .   (no weapon)
rCold   . . .      Faith    .   (no shield)
rNeg    . . .      Spirit   .   a - +0 robe
rPois   .          Reflect  .   (no helmet)
rElec   .          Harm     .   (no cloak)
rCorr   .          Rampage  .   (no gloves)
Will    .....                   (no boots)
Stlth   ++........              (no amulet)
HPRegen 0.10/turn               (no ring)
MPRegen 0.11/turn               (no ring)

@: freezing walls, slow
A: amphibious, slowness 1, strong legs 1, +LOS
a: Hop


You were on level 6 of the Dungeon.
You visited 1 branch of the dungeon, and saw 5 of its levels.

You collected 109 gold pieces.

Inventory:

Missiles
 e - 45 stones (quivered)
 g - a poisoned dart
Armour
 a - a +0 robe (worn)
 f - a +0 leather armour
Scrolls
 b - a scroll of teleportation {unknown}
 c - a scroll of noise {unknown}
 d - a scroll of magic mapping {unknown}
 h - a scroll of fog {unknown}
 i - a scroll of torment {unknown}


   Skills:
 - Level 2.1 Dodging
 - Level 1.7 Stealth
 + Level 3.6 Spellcasting
 + Level 6.0 Ice Magic


You had 3 spell levels left.
You knew the following spells:

 Your Spells              Type           Power      Damage    Failure   Level
a - Freeze                Ice            92%        1d10      1%          1
b - Frozen Ramparts       Ice            46%        1d6       4%          3
c - Ozocubu's Armour      Ice            23%        N/A       4%          3

Your spell library contained the following spells:

 Spells                   Type           Power      Damage    Failure   Level
 Ensorcelled Hibernation  Hex/Ice        26%        N/A       7%          2
 Passwall                 Tmut/Erth      2%         N/A       26%         2
 Swiftness                Air            3%         N/A       45%         3
 Hailstorm                Conj/Ice       13%        3d5       43%         4


Dungeon Overview and Level Annotations

Branches:
Dungeon (6/15)
 Temple: D:4-7

Altars:
Ashenzari

Annotations:
D:5 Pikel


Innate Abilities, Weirdness & Mutations

You are amphibious.
You cover ground slowly.
You can hop short distances.
You have an extended range of vision and can be seen from far away.


Message History

An adder comes into view.
The adder hisses angrily.
The adder bites you.
Casting: Freeze (safe; 1% risk of failure)
Confirm with . or Enter, or press ? or * to list all spells.
Casting: Frozen Ramparts (dangerous; 4% risk of failure)
Press: ? - help, Dir - look around, f - activate The walls around you are covered in ice.
The wall freezes the adder.
The adder seems to slow down.
The adder closely misses you.
Unknown command.
The wall freezes the adder!
The adder seems to slow down.
The adder closely misses you.
The wall freezes the adder.
You kill the adder!
Your Ice Magic skill increases to level 6!
The frozen ramparts melt away as you move.
Found a morningstar.
An iguana comes into view.
Pikel and a lemure come into view.
Pikel is wielding a +1 whip of freezing.
The iguana hisses angrily.
Pikel moves out of view.
An ogre comes into view. It is wielding a +0 giant club.
The iguana bites you. The iguana misses you. The iguana bites you.
There is a stone staircase leading down here.
The iguana bites you!
You climb downwards.
There is a stone staircase leading up here.
Casting: Frozen Ramparts (dangerous; 4% risk of failure)
Confirm with . or Enter, or press ? or * to list all spells.
Casting: Frozen Ramparts (dangerous; 4% risk of failure)
Press: ? - help, Dir - look around, f - activate A stone staircase leading up.
The walls around you are covered in ice.
The wall freezes the iguana!
The iguana seems to slow down.
The iguana bites you!
You die...

#....#
#.....## .
#......#
..#......#
...$.....##
#.......#
#.......#
#.......#
#......@#
#......l#
#.......#
#.......#
........##
###......#
####..##
##. #.


You could see an iguana (slow).

Vanquished Creatures
  4 adders
  2 orcs
  3 bats
  4 endoplasms
  5 giant cockroaches
  3 hobgoblins (D:2)
  3 kobolds
  3 quokkas
  4 ball pythons
  2 frilled lizards (D:1)
  19 rats (D:2)
52 creatures vanquished.

Notes
Turn   | Place    | Note
-------+----------+-------------------------------------------
     0 | D:1      | bnorton916 the Barachi Ice Elementalist began the quest for
                  | the Orb.
     0 | D:1      | Reached XP level 1. HP: 13/13 MP: 3/3
   160 | D:1      | Reached skill level 5 in Ice Magic
   274 | D:1      | Reached XP level 2. HP: 19/19 MP: 1/5
  1076 | D:2      | Found a broken altar of Ashenzari.
  1498 | D:2      | Reached XP level 3. HP: 24/24 MP: 4/7
  1502 | D:2      | Learned a level 3 spell: Frozen Ramparts
  1506 | D:2      | Learned a level 3 spell: Ozocubu's Armour
  2140 | D:2      | Reached XP level 4. HP: 27/30 MP: 3/9
  2220 | D:2      | Found a faded altar of an unknown god.
  2786 | D:3      | You fall into a shaft and drop 3 floors!
  2792 | D:5      | Entered Level 5 of the Dungeon
  2818 | D:5      | Reached skill level 6 in Ice Magic
  2832 | D:5      | Noticed Pikel
  2832 | D:5      | Noticed a lemure
  2834 | D:5      | Noticed an ogre
  2854 | D:6      | Slain by an iguana

Illustrated notes

Levels and vault maps discovered:
D:1:      psy_arrival_fountain, layout_loops_cross, minmay_stone_trees_small
D:2:      layout_basic, chequers_ecumenical_altar_grove, basic_altar,
          minmay_rat_hole
D:3:      layout_basic, uniq_crazy_yiuf_cottage, uniq_ijyb
D:5:      minmay_general_purpose_star, layout_rooms, serial_shops,
          nicolae_lakefront_shop, uniq_pikel
D:6:      layout_cave_pods, minmay_temple_entry_tees, fountainhead

Skill      XL: |  1  2  3  4 |
---------------+-------------+-----
Ice Magic      | 5 6 |  6.0
Spellcasting   | 3 |  3.6
Dodging        | |  2.1
Stealth        | |  1.7

Action                   |  1- 3 |  4- 6 || total
-------------------------+-------+-------++-------
Melee: Unarmed           |     5 |       ||     5
Throw: Dart              |     4 |       ||     4
       Stone             |     2 |       ||     2
 Cast: Freeze            |    45 |    10 ||    55
       Frozen Ramparts   |     2 |     4 ||     6
Armor: Robe              |     9 |       ||     9
Dodge: Dodged            |    43 |     5 ||    48
